 Dungeon Crawl Stone Soup version 0.23.2-40-g277498a001 (webtiles) character file.

Game seed: 3091779237253960426

578814 DildoBatman the Metallomancer (level 27, -1/190 HPs)
             Began as a Formicid Wizard on Sept 9, 2019.
             Was an Initiate of Gozag.
             Slain by a reaper
             ... wielding a +2 scythe of venom
             ... summoned by a greater mummy's death curse
              (45 damage)
             ... on level 1 of the Tomb of the Ancients.
             The game lasted 04:48:54 (54772 turns).

DildoBatman the Metallomancer (Formicid Wizard)    Turns: 54772, Time: 04:48:54

Health: -1/190     AC: 29    Str: 18    XL:     27
Magic:  5/42       EV: 29    Int: 38    God:    Gozag
Gold:   3956       SH: 22    Dex: 16    Spells: 13/56 levels left

rFire    + . .     SeeInvis +   a - +9 halberd (flame)
rCold    + + .     Gourm    .   U - +2 large shield
rNeg     + + +     Faith    .   p - +4 troll leather armour
rPois    ∞         Spirit   .   (helmet unavailable)
rElec    +         Reflect  .   W - +2 cloak {MR+}
rCorr    .         Harm     .   A - +2 pair of gloves
MR       ++++.     Clarity  +   c - +2 pair of boots {Stlth+}
Stlth    +++++++...             r - amulet "Ucolapp" {rPois Regen+}
HPRegen  1.21/turn              n - ring of Phasing {EV+8}
MPRegen  0.28/turn              M - ring of the Madman {*Contam +Fly rElec Int+3 Stlth+}

@: mighty, brilliant, agile, lich-form
A: permanent stasis, dig shafts and tunnels, four strong arms, antennae 3, claws
1, hooves 1, iridescent scales 1, thin metallic scales 1, thin skeletal
structure 1, clarity, cold resistance 1, fire resistance 1, sense surroundings
1, evolution 1
}: 3/15 runes: decaying, serpentine, silver
a: Dig, Shaft Self, End Transformation, Potion Petition, Call Merchant, Bribe
Branch, Renounce Religion, Evoke Flight


You were on level 1 of the Tomb of the Ancients.
You worshipped Gozag.
Gozag was most pleased with you.
You were not hungry.
You were a lich.
You visited 10 branches of the dungeon, and saw 44 of its levels.
You also visited: Sewer, Bailey and Desolation.

You collected 25051 gold pieces.
You spent 9943 gold pieces at shops.
You paid 11152 gold pieces to Gozag.

Inventory:

Hand Weapons
 a - a +9 halberd of flaming (weapon)
 b - the +10 falchion "Liak" {venom, Int+6}
   (You found it in the Desolation of Salt)

   It poisons the flesh of those it strikes.
   It affects your intelligence (+6).
Missiles
 s - 12 throwing nets (quivered)
 N - 2 javelins of penetration
Armour
 c - a +2 pair of boots of stealth (worn)
 p - a +4 troll leather armour (worn)
 A - a +2 pair of gloves (worn)
 U - a +2 large shield (worn)
 W - a +2 cloak of magic resistance (worn)
Magical Staves
 E - an uncursed staff of power
Jewellery
 n - the ring of Phasing (left hand) {EV+8}
   (You bought it in a shop on level 2 of the Orcish Mines)

   [ring of evasion]

   It affects your evasion (+8).
 r - the amulet "Ucolapp" (around neck) {rPois Regen+}
   (You found it in the Desolation of Salt)

   [amulet of regeneration]

   It protects you from poison.
   It increases your rate of regeneration.
 C - the ring "Ysisowk" {MR- Str+4 Int+8 Dex-3 SInv}
   (You found it in the Desolation of Salt)

   [ring of see invisible]

   It affects your strength (+4).
   It affects your intelligence (+8).
   It affects your dexterity (-3).
   It affects your resistance to hostile enchantments.
   It lets you see invisible.
 J - the ring "Besajawu" {+Blink rC+ Int+2 Dex+4}
   (You took it off a wizard on level 2 of the Vaults)

   [ring of protection from cold]

   It affects your intelligence (+2).
   It affects your dexterity (+4).
   It protects you from cold.
   It lets you blink.
 M - the ring of the Madman (right hand) {*Contam +Fly rElec Int+3 Stlth+}
   (You found it on level 7 of the Dungeon)

   [ring of stealth]

   It affects your intelligence (+3).
   It insulates you from electricity.
   It lets you fly.
   It causes magical contamination when unequipped.
   It makes you more stealthy.
 R - the ring of Onock {+Inv rF+ Dex+3}
   (You found it on level 3 of the Crypt)

   [ring of dexterity]

   It affects your dexterity (+3).
   It protects you from fire.
   It lets you turn invisible.
Wands
 f - a wand of paralysis (24)
 D - a wand of acid (24)
 I - a wand of disintegration (21)
 L - a wand of iceblast (39)
 Y - a wand of scattershot (10)
Scrolls
 h - a scroll of magic mapping
 j - 12 scrolls of immolation
 t - 4 scrolls of torment
 u - 3 scrolls of enchant armour
 w - 7 scrolls of fog
 x - 18 scrolls of remove curse
 z - 24 scrolls of identify
 B - 5 scrolls of amnesia
 F - 2 scrolls of summoning
 S - 13 scrolls of fear
 V - 2 scrolls of holy word
Potions
 i - 10 potions of heal wounds
 l - 3 potions of ambrosia
 m - a potion of cancellation
 o - 27 potions of curing
 q - 2 potions of magic
 y - 9 potions of might
 G - 5 potions of resistance
 H - 11 potions of brilliance
 O - 2 potions of invisibility
 P - 4 potions of agility
 Q - 5 potions of mutation
Miscellaneous
 e - 4 boxes of beasts
 g - a phial of floods
 k - a lamp of fire (inert)
 K - a fan of gales
 T - 4 sacks of spiders
 X - 4 phantom mirrors
Comestibles
 v - 38 rations


   Skills:
 - Level 10.0 Fighting
 - Level 5.0 Polearms
 - Level 9.0 Armour
 - Level 7.0 Dodging
 - Level 6.0 Stealth
 - Level 15.0 Shields
 - Level 15.0 Spellcasting
   Level 15.8 Conjurations
 - Level 6.0 Hexes
 - Level 6.0 Charms
 - Level 8.0 Summonings
 - Level 19.0 Necromancy
   Level 0.8 Translocations
 - Level 18.0 Transmutations
   Level 4.1 Fire Magic
 * Level 10.4 Ice Magic
   Level 4.0 Air Magic
 - Level 25.0 Earth Magic
   Level 8.4 Poison Magic
 - Level 6.1 Evocations


You had 13 spell levels left.
You knew the following spells:

 Your Spells              Type           Power        Failure   Level  Hunger
a - Borgnjor's Vile Clut  Necr/Erth      ########..   0%          5    N/A
b - Shatter               Erth           ########..   1%          9    N/A
c - Spectral Weapon       Hex/Chrm       #######.     1%          3    N/A
d - Necromutation         Tmut/Necr      ########..   1%          8    N/A
e - Regeneration          Chrm/Necr      ########..   1%          3    N/A
h - Dispel Undead         Necr           ########     0%          5    N/A
i - Ozocubu's Armour      Chrm/Ice       #######.     1%          3    N/A
j - Aura of Abjuration    Summ           #######...   1%          5    N/A
z - Sublimation of Blood  Necr           ########..   0%          2    N/A

Your spell library contained the following spells:

 Spells                   Type           Power        Failure   Level  Hunger
 Animate Skeleton         Necr           N/A          0%          1    N/A
 Beastly Appendage        Tmut           ######       0%          1    N/A
 Freeze                   Ice            ####         0%          1    N/A
 Magic Dart               Conj           ####         0%          1    N/A
 Pain                     Necr           ####         0%          1    N/A
 Sandblast                Erth           ######       0%          1    N/A
 Sting                    Conj/Pois      ####         0%          1    N/A
 Corpse Rot               Necr           N/A          0%          2    N/A
 Passwall                 Tmut/Erth      ########     0%          2    N/A
 Searing Ray              Conj           ######       0%          2    N/A
 Sticks to Snakes         Tmut           ########     0%          2    N/A
 Throw Frost              Conj/Ice       ######       0%          2    N/A
 Spider Form              Tmut/Pois      ########..   0%          3    N/A
 Stone Arrow              Conj/Erth      ######       0%          3    N/A
 Vampiric Draining        Necr           ########..   0%          3    N/A
 Animate Dead             Necr           N/A          0%          4    N/A
 Iskenderun's Mystic Bla  Conj           ########     0%          4    N/A
 Leda's Liquefaction      Hex/Erth       ########..   0%          4    N/A
 Petrify                  Tmut/Erth      ########     0%          4    N/A
 Agony                    Necr           ########     0%          5    N/A
 Blade Hands              Tmut           ########..   0%          5    N/A
 Lee's Rapid Deconstruct  Erth           ########..   0%          5    N/A
 Apportation              Tloc           ######       1%          1    N/A
 Confusing Touch          Hex            ######       1%          1    N/A
 Infusion                 Chrm           ####         1%          1    N/A
 Summon Small Mammal      Summ           ####         1%          1    N/A
 Call Imp                 Summ           #######.     1%          2    N/A
 Poisonous Vapours        Pois/Air       ######       1%          2    N/A
 Shroud of Golubria       Chrm/Tloc      ######....   1%          2    N/A
 Slow                     Hex            #######.     1%          2    N/A
 Song of Slaying          Chrm           #######.     1%          2    N/A
 Swiftness                Chrm/Air       ######..     1%          2    N/A
 Throw Flame              Conj/Fire      ######       1%          2    N/A
 Confuse                  Hex            #######.     1%          3    N/A
 Conjure Flame            Conj/Fire      #######.     1%          3    N/A
 Dazzling Spray           Conj/Hex       ######       1%          3    N/A
 Gell's Gravitas          Tloc           ######....   1%          3    N/A
 Ignite Poison            Fire/Tmut/Pois #######.     1%          3    N/A
 Mephitic Cloud           Conj/Pois/Air  #######.     1%          3    N/A
 Portal Projectile        Hex/Tloc       ######       1%          3    N/A
 Recall                   Summ/Tloc      N/A          1%          3    N/A
 Tukima's Dance           Hex            #######.     1%          3    N/A
 Cause Fear               Hex            #######...   1%          4    N/A
 Force Lance              Conj/Tloc      #######.     1%          4    N/A
 Fulminant Prism          Conj/Hex       #######...   1%          4    N/A
 Ice Form                 Ice/Tmut       ########     1%          4    N/A
 Olgreb's Toxic Radiance  Pois           #######.     1%          4    N/A
 Summon Ice Beast         Ice/Summ       #######.     1%          4    N/A
 Throw Icicle             Conj/Ice       ########     1%          4    N/A
 Alistair's Intoxication  Tmut/Pois      ########     1%          5    N/A
 Bolt of Draining         Conj/Necr      ########..   1%          5    N/A
 Bolt of Magma            Conj/Fire/Erth ########..   1%          5    N/A
 Excruciating Wounds      Chrm/Necr      ########..   1%          5    N/A
 Fireball                 Conj/Fire      #######...   1%          5    N/A
 Irradiate                Conj/Tmut      ########..   1%          5    N/A
 Metabolic Englaciation   Hex/Ice        #######...   1%          5    N/A
 Silence                  Hex/Air        ######....   1%          5    N/A
 Summon Demon             Summ           #######...   1%          5    N/A
 Summon Forest            Summ/Tloc      ######....   1%          5    N/A
 Summon Mana Viper        Hex/Summ       #######.     1%          5    N/A
 Venom Bolt               Conj/Pois      #######...   1%          5    N/A
 Yara's Violent Unravell  Hex/Tmut       #######...   1%          5    N/A
 Bolt of Cold             Conj/Ice       ########..   1%          6    N/A
 Bolt of Fire             Conj/Fire      #######...   1%          6    N/A
 Death Channel            Necr           ########..   1%          6    N/A
 Freezing Cloud           Conj/Ice/Air   #######...   1%          6    N/A
 Hydra Form               Tmut           ########..   1%          6    N/A
 Iron Shot                Conj/Erth      ########..   1%          6    N/A
 Ozocubu's Refrigeration  Ice            #######...   1%          6    N/A
 Shadow Creatures         Summ           N/A          1%          6    N/A
 Simulacrum               Ice/Necr       ########..   1%          6    N/A
 Statue Form              Tmut/Erth      ########.    1%          6    N/A
 Dragon Form              Tmut           ########..   1%          7    N/A
 Haunt                    Necr/Summ      ########..   1%          7    N/A
 Borgnjor's Revivificati  Necr           ########..   1%          8    N/A
 Infestation              Necr           ########..   1%          8    N/A
 Deflect Missiles         Chrm/Air       ######....   3%          6    N/A
 Death's Door             Chrm/Necr      ########..   6%          8    N/A
 Dispersal                Tloc           ######....   16%         6    N/A
 Ring of Flames           Chrm/Fire      ######....   16%         7    N/A
 Discord                  Hex            #######...   54%         8    N/A
 Ignition                 Fire           ######....   78%         8    N/A
 Disjunction              Tloc           ######....   99%         8    N/A
 Blink                    Tloc           Unusable     N/A         2    N/A
 Controlled Blink         Tloc           Unusable     N/A         8    N/A

Dungeon Overview and Level Annotations

Branches:
Dungeon (15/15)            Temple (1/1) D:7            Lair (6/6) D:8
  Swamp (4/4) Lair:4        Snake (4/4) Lair:4        Slime (0/5) Lair:5
    Orc (2/2) D:9             Elf (3/3) Orc:2        Vaults (5/5) D:14
  Crypt (3/3) Vaults:3       Tomb (1/3) Crypt:3      Depths (0/5) D:15

Altars:
Ashenzari
Cheibriados
Dithmenos
Elyvilon
Fedhas
Gozag
Hepliaklqana
Kikubaaqudgha
Makhleb
Nemelex Xobeh
Okawaru
Qazlal
Ru
Sif Muna
Trog
Uskayaw
Vehumet
Wu Jian
Xom
Yredelemnul
Zin
The Shining One
Beogh
Jiyva

Shops:
D:4 }   D:9 :   Orc:2 =(*[   Elf:2 (   Snake:1 %   Snake:2 :   Snake:3 !
Vaults:3 [   Vaults:5 *   Tomb:1 :?*[:(

Portals:
Trove: D:13 (give +2 shadow dragon scales)


Innate Abilities, Weirdness & Mutations

You cannot be hasted, slowed, berserked, paralysed or teleported.
You can dig through walls and to a lower floor.
Your four strong arms can wield two-handed weapons with a shield.
You have a pair of large antennae on your head. (SInv)
You have sharp fingernails.
You have large cloven feet.
You are partially covered in iridescent scales. (AC +2)
You are partially covered in thin metallic scales. (AC +2)
You have a somewhat thin skeletal structure. (Dex +2, Stealth)
You possess an exceptional clarity of mind.
Your flesh is cold resistant. (rC+)
Your flesh is heat resistant. (rF+)
You passively map a small area around you.
You evolve.


Message History

Purchase which effect?
You feel much better.
The zombie hands constrict the greater mummy!
You block the greater mummy's attack.
You block the emperor scorpion's attack.
The emperor scorpion claws you but does no damage.
The emperor scorpion completely misses you.
You block the emperor scorpion's attack.
The emperor scorpion barely misses you. The emperor scorpion misses you.
The emperor scorpion stings you but does no damage.
The emperor scorpion completely misses you.
You block the emperor scorpion's attack. x2
The emperor scorpion claws you but does no damage.
The emperor scorpion completely misses you.
The zombie hands constrict the greater mummy!!
The greater mummy struggles to escape constriction.
The reaper hits you from afar with a +2 scythe of venom!!!
You die...
Your body crumbles into a pile of gold.

#################################
.................................
.................................
...............sLs...............
...............s..2..............
...............M.s...............
........#################.#....#.
........#* * #.##{{.....
........# ,{ M..{{{.$$$...
........# , , , .........$...
........# #############.#...##.
........# ,#)...#..#............


You could see a greater mummy, 4 emperor scorpions and a reaper.

Vanquished Creatures
  2 ancient liches
  Mara (Crypt:3)
  Mennas (Crypt:3)
  10 greater mummies (Tomb:1)
  Bai Suzhen (Crypt:3)
  2 golden dragons
  Nikola (Vaults:2)
  Jory (Crypt:3)
  A shard shrike zombie (Crypt:2)
  6 tentacled monstrosities
  6 liches
  Jorgrun (Snake:3)
  2 deep elf blademasters (Elf:3)
  A quicksilver dragon (Vaults:4)
  6 titans (Vaults:5)
  A deep elf master archer (Elf:3)
  The ghost of weresquid the Minotaur Blade, an adept MiGl of the Shining One (Snake:3)
  Frances (D:14)
  4 ancient champions
  5 shadow dragons
  2 tengu reavers (Vaults:5)
  2 revenants
  10 sphinxes
  4 storm dragons
  3 iron dragons
  12 nagarajas
  3 fire giants
  Louise (Snake:4)
  5 frost giants
  2 imperial myrmidons (Desolation)
  8 deep elf sorcerers
  4 orc warlords
  16 vault wardens
  5 curse skulls
  Aizul (Snake:1)
  13 ironheart preservers
  2 war gargoyles
  2 ghouls (Crypt:1)
  10 very ugly things
  2 reapers (Crypt:3)
  2 deep elf elementalists (Elf:3)
  8 stone giants
  4 entropy weavers
  4 deep elf demonologists
  7 deep elf annihilators
  2 halazid warlocks (Desolation)
  8 ettins
  2 crystal guardians
  A jiangshi (Crypt:1)
  11 eidola
  13 deep elf death magi
  11 mummy priests
  2 great orbs of eyes
  2 green deaths (Swamp:4)
  A fire dragon (Vaults:3)
  2 ragged hierophants (Desolation)
  6 servants of whispers (Desolation)
  19 yaktaur captains
  A rakshasa (Vaults:3)
  5 deep elf high priests
  14 hydras
  39 vault guards
  A quicksilver dragon skeleton (Crypt:3)
  A catoblepas (Lair:6)
  7 centaur warriors
  4 ice dragons
  11 anacondas
  A ghost crab (Swamp:4)
  19 naga warriors
  An anaconda (shapeshifter) (Vaults:5)
  10 alligators
  7 ogre magi
  A shambling mangrove (Swamp:4)
  Erica (D:8)
  34 death scarabs (Tomb:1)
  3 death knights
  4 tengu warriors
  23 two-headed ogres
  2 vampire magi
  Urug (D:11)
  2 hell knights
  16 naga sharpshooters
  2 shock serpents
  4 orc high priests
  2 titan zombies (Crypt:3)
  8 soul eaters (Crypt:3)
  18 deep elf knights
  10 skeletal warriors
  A golden dragon zombie (Crypt:3)
  A storm dragon skeleton (Crypt:3)
  5 unseen horrors
  A glowing orange brain (Vaults:1)
  3 sea snakes
  The ghost of Thomus the Destroyer, a novice DECj of Vehumet (Lair:1)
  2 anaconda zombies (Crypt:3)
  2 titan skeletons (Crypt:3)
  3 flayed ghosts
  An unseen horror (shapeshifter) (Vaults:1)
  A spectral anaconda (Snake:3)
  3 large abominations (Swamp:4)
  10 naga ritualists
  7 deep trolls
  3 shadow wraiths
  A shadow dragon zombie (Tomb:1)
  7 swamp dragons
  An entropy weaver zombie (Vaults:1)
  3 spriggan druids
  21 deep elf archers
  A tengu zombie (Vaults:4)
  21 orc knights
  18 necromancers
  6 wizards
  An orb spider (shapeshifter) (Vaults:3)
  An anaconda skeleton (Crypt:2)
  24 ironbrand convokers
  7 wolf spiders
  7 harpies
  A harpy (shapeshifter) (Vaults:5)
  11 phantasmal warriors
  2 oklob plants (Lair:3)
  11 mana vipers
  7 orc sorcerers
  4 manticores
  2 stone giant zombies (Crypt:3)
  71 deep elf magi
  2 shadow dragon skeletons (Vaults:4)
  A salamander (shapeshifter) (Vaults:2)
  9 cyclopes
  42 ugly things
  9 salamanders
  3 fire giant zombies
  An iron dragon skeleton (Crypt:3)
  47 black mambas
  12 elephants
  2 dire elephant zombies (Crypt:3)
  3 fire giant skeletons
  A frost giant skeleton (Vaults:4)
  Maurice (D:11)
  16 vault sentinels
  A stone giant skeleton (Crypt:3)
  8 centaur zombies
  2 elephants (shapeshifter)
  3 molten gargoyles
  A shock serpent zombie (Crypt:3)
  8 guardian serpents
  2 orange demons (Swamp:4)
  A torpor snail (shapeshifter) (Elf:3)
  2 dire elephant skeletons (Crypt:1)
  A torpor snail (Lair:5)
  3 gargoyles
  29 naga magi
  30 spiny frogs
  A death yak zombie (Lair:3)
  2 redback zombies
  3 rime drakes
  A yaktaur (shapeshifter) (Vaults:5)
  13 hellwings (Crypt:3)
  3 kobold demonologists
  9 komodo dragons
  17 freezing wraiths
  69 yaktaurs
  9 guardian mummies
  3 hydra zombies
  A harpy zombie (Crypt:1)
  A death yak skeleton (Lair:1)
  A meliai (shapeshifter) (Vaults:5)
  A tengu conjurer (D:13)
  A jumping spider (Crypt:3)
  6 hornets
  A queen bee (shapeshifter) (Vaults:1)
  15 tyrant leeches
  A polar bear (shapeshifter) (Vaults:2)
  A sphinx simulacrum (Vaults:1)
  A slime creature (shapeshifter) (Vaults:5)
  A tengu simulacrum (Vaults:1)
  A harpy skeleton (D:15)
  A polar bear (Lair:3)
  3 spectral nagas (Snake:3)
  10 trolls
  3 dream sheep (Lair:5)
  15 hippogriffs
  35 saltlings (Desolation)
  39 slime creatures
  A dream sheep (shapeshifter) (Vaults:5)
  An ettin zombie (Crypt:3)
  13 bog bodies
  47 blink frogs
  2 hydra skeletons
  2 ice dragon zombies (Crypt:3)
  A fire giant simulacrum (Vaults:1)
  A spectral black mamba (Snake:3)
  A fire dragon zombie (Crypt:2)
  15 flying skulls (Tomb:1)
  Sigmund (D:6)
  11 redbacks
  A spriggan (D:7)
  2 spriggans (shapeshifter)
  A human (shapeshifter) (Vaults:2)
  A shock serpent simulacrum (Snake:3)
  4 air elementals
  A black mamba zombie (Lair:1)
  3 ushabtiu (Tomb:1)
  6 shadows
  A tyrant leech zombie (Crypt:2)
  2 vampires (D:13)
  4 water elementals (Elf:1)
  6 wyverns
  3 fire elementals
  8 humans (D:14)
  A wind drake zombie (Crypt:1)
  7 wraiths
  2 black mamba skeletons
  A basilisk (D:12)
  29 yaks
  13 vampire mosquitoes
  2 hungry ghosts
  A deep troll zombie (Vaults:2)
  A neqoxec (Tomb:1)
  56 nagas
  3 insubstantial wisps (Swamp:1)
  14 swamp worms
  4 acid dragons
  A gelid demonspawn zombie (Crypt:2)
  A deep troll skeleton (Vaults:1)
  11 wargs
  15 water moccasins
  A monstrous demonspawn skeleton (Crypt:2)
  3 soldier ants
  9 spiny frog zombies
  7 porcupines
  12 swamp drakes
  63 orc warriors
  A swamp drake (shapeshifter) (Vaults:5)
  2 elf zombies
  3 spiny frog skeletons
  3 ice beasts
  4 sky beasts
  Purgy (D:3)
  An elephant zombie (Crypt:1)
  2 phantoms
  2 snapping turtle zombies
  3 black bears
  3 human zombies
  A manticore zombie (D:13)
  A necrophage (D:12)
  19 ogres
  A black mamba simulacrum (Snake:3)
  An ogre (shapeshifter) (Elf:1)
  2 eyes of draining
  17 wolves
  3 boggarts (Vaults:2)
  A dream sheep skeleton (Lair:4)
  2 orc skeletons
  15 centaurs
  10 crocodiles
  An elephant skeleton (Crypt:2)
  A torpor snail zombie (Lair:5)
  The ghost of XoMute the Magician, an amateur DEFE (D:3)
  2 komodo dragon zombies (Lair:3)
  4 big kobolds
  32 bullfrogs
  3 komodo dragon skeletons
  2 wyvern zombies
  11 gnoll sergeants
  3 earth elementals
  A water moccasin zombie (Lair:5)
  7 wyvern skeletons
  5 human skeletons
  6 scorpions
  2 water moccasin skeletons
  4 killer bees (D:11)
  2 human simulacra
  7 wights (Crypt:1)
  5 howler monkeys
  10 electric eels
  5 lava snakes (Lair:3)
  7 crimson imps
  5 bullfrog zombies
  A basilisk zombie (Lair:2)
  8 hounds
  5 jellies
  2 centaur skeletons
  27 orc priests
  6 bullfrog skeletons
  6 gnoll shamans (Bailey)
  Ijyb (D:1)
  4 iguanas
  22 orc wizards
  3 polar bear simulacra (Lair:5)
  3 porcupine zombies
  A black bear skeleton (Lair:4)
  A porcupine skeleton (Lair:3)
  9 worker ants
  3 yak simulacra (Lair:5)
  3 wolf simulacra (Lair:5)
  2 acid dragon zombies (Crypt:1)
  5 crocodile zombies
  A naga zombie (Crypt:1)
  3 crocodile skeletons
  A hound skeleton (D:9)
  18 mummies
  An orc zombie (D:6)
  A worker ant zombie (D:7)
  32 gnolls
  A river rat (D:4)
  22 adders
  2 naga simulacra (Snake:3)
  2 shadow imps
  2 oozes
  An adder skeleton (D:5)
  An adder zombie (D:5)
  2 worms
  A dart slug (D:1)
  4 leopard geckos
  110 orcs
  5 ball pythons (Snake:4)
  7 giant cockroaches
  14 goblins
  14 hobgoblins
  12 jackals
  6 quokkas
  A river rat zombie (Crypt:2)
  9 bats
  4 frilled lizards
  A jackal zombie (D:13)
  27 kobolds
  A kobold zombie (Crypt:3)
  A leopard gecko skeleton (D:5)
  A quokka skeleton (D:7)
  14 rats
  2 river rat simulacra (Lair:5)
  5 plants
  2 spectral weapons
  12 withered plants (Crypt:3)
2373 creatures vanquished.

Vanquished Creatures (collateral kills)
  A vault warden (Vaults:5)
  A yaktaur (Vaults:5)
  A slime creature (Swamp:4)
  An adder (D:4)
  An orc (D:4)
5 creatures vanquished.

Vanquished Creatures (others)
  An eldritch tentacle (Tomb:1)
  26 dancing weapons
  A water nymph (shapeshifter) (Vaults:5)
  A human (D:14)
  A boggart (Vaults:2)
  A centaur (D:11)
  A bullfrog (Lair:5)
  A scorpion (D:6)
  3 electric eels
  10 fungi
  35 plants
  59 spectral weapons
140 creatures vanquished.

Grand Total: 2518 creatures vanquished

Notes
Turn   | Place    | Note
-------+----------+-------------------------------------------
     0 | D:1      | DildoBatman the Formicid Wizard began the quest for the
                  | Orb.
     0 | D:1      | Reached XP level 1. HP: 13/13 MP: 4/4
    17 | D:1      | Reached skill level 1 in Conjurations
   226 | D:1      | Reached XP level 2. HP: 13/19 MP: 1/6
   533 | D:1      | Reached XP level 3. HP: 14/24 MP: 0/7
   538 | D:1      | Learned a level 3 spell: Conjure Flame
   542 | D:1      | Learned a level 3 spell: Mephitic Cloud
  1545 | D:2      | Found a blossoming altar of Fedhas.
  1552 | D:2      | Reached XP level 4. HP: 27/30 MP: 1/8
  2220 | D:3      | Noticed Purgy
  2246 | D:3      | Reached XP level 5. HP: 35/35 MP: 0/9
  2425 | D:3      | Noticed Ijyb
  2608 | D:3      | Found a runed translucent door.
  2613 | D:3      | Noticed XoMute's ghost (amateur DEFE)
  2879 | D:3      | Reached XP level 6. HP: 38/41 MP: 6/10
  2933 | D:3      | Reached skill level 5 in Conjurations
  3318 | D:4      | Found an opulent altar of Gozag.
  3318 | D:4      | Found a glowing silver altar of Zin.
  3391 | D:4      | Found a glowing drain.
  3560 | Sewer    | Entered a sewer
  4015 | D:4      | Reached XP level 7. HP: 34/46 MP: 1/11
  4283 | D:4      | Reached skill level 1 in Poison Magic
  4485 | D:5      | Entered Level 5 of the Dungeon
  4621 | D:4      | Reached skill level 1 in Fire Magic
  4878 | D:5      | Reached skill level 1 in Air Magic
  5193 | D:6      | Found a faded altar of an unknown god.
  5193 | D:6      | Found a shadowy altar of Dithmenos.
  5199 | D:6      | Found a faded altar of an unknown god.
  5201 | D:6      | Found a shattered altar of Ashenzari.
  5202 | D:6      | Found a sacrificial altar of Ru.
  5376 | D:7      | Found a staircase to the Ecumenical Temple.
  5396 | Temple   | Entered the Ecumenical Temple
  5547 | Temple   | Became a worshipper of Kikubaaqudgha
  5798 | D:7      | Reached XP level 8. HP: 52/52 MP: 6/12
  6251 | D:7      | Found a runed translucent door.
  6334 | D:7      | Got a translucent leather armour
  6345 | D:7      | Identified the +3 leather armour "Wedak" {*Contam rF+
                  | Int+7} (You found it on level 7 of the Dungeon)
  6511 | D:7      | Noticed a spriggan baker
  6516 | D:7      | Reached skill level 5 in Poison Magic
  6521 | D:7      | Killed a spriggan baker
  6687 | D:7      | Identified the ring "Baageuphio" {*Corrode *Slow rF+ rC+
                  | rN++}
  6687 | D:7      | Noticed a deep elf mage
  6734 | D:7      | Reached XP level 9. HP: 48/57 MP: 10/13
  6743 | D:7      | Reached * piety under Kikubaaqudgha
  6743 | D:7      | Identified Kikubaaqudgha's Disquisition on Darkness
                  | (Kikubaaqudgha gifted it to you on level 7 of the Dungeon)
  6743 | D:7      | Received a gift from Kikubaaqudgha
  6766 | D:7      | Learned a level 3 spell: Vampiric Draining
  6769 | D:7      | Learned a level 2 spell: Sublimation of Blood
  6780 | D:7      | Noticed a two-headed ogre
  7356 | D:6      | Noticed Sigmund
  7385 | D:6      | Killed Sigmund
  7385 | D:6      | Reached skill level 5 in Spellcasting
  7904 | D:5      | Reached ** piety under Kikubaaqudgha
  7904 | D:5      | Reached skill level 1 in Shields
  7904 | D:5      | Reached XP level 10. HP: 54/63 MP: 17/20
  8264 | D:5      | Reached skill level 1 in Necromancy
  8693 | D:4      | Found Waroovud's Gadget Shop.
  8945 | D:3      | Killed Purgy
  9158 | D:3      | Killed XoMute's ghost
  9267 | D:1      | Killed Ijyb
  9633 | D:7      | Reached skill level 5 in Necromancy
  9754 | D:7      | Killed a two-headed ogre
  9788 | D:7      | Killed a deep elf mage
  9864 | D:7      | Got a smoking granite ring
  9866 | D:7      | Identified the ring of Liomoosy {rN+ MR+ AC+2} (You found
                  | it on level 7 of the Dungeon)
  9870 | D:7      | Got a brightly glowing steel ring
  9872 | D:7      | Identified the ring of the Madman {*Contam +Fly rElec Int+3
                  | Stlth+} (You found it on level 7 of the Dungeon)
  9879 | D:7      | Got a crude copper ring
  9881 | D:7      | Identified the ring "Wyrphaharph" {+Fly rPois Stlth+} (You
                  | found it on level 7 of the Dungeon)
  9970 | D:7      | Reached *** piety under Kikubaaqudgha
  9970 | D:7      | Identified Kikubaaqudgha's Collected Works on Evil Rituals
                  | (Kikubaaqudgha gifted it to you on level 7 of the Dungeon)
  9970 | D:7      | Received a gift from Kikubaaqudgha
  9991 | D:7      | Learned a level 5 spell: Dispel Undead
  9997 | D:7      | Learned a level 5 spell: Borgnjor's Vile Clutch
 10233 | D:8      | Reached XP level 11. HP: 68/68 MP: 16/21
 10266 | D:8      | Reached skill level 1 in Earth Magic
 10373 | D:8      | Got an ancient halberd
 10374 | D:8      | Identified the +10 halberd of Beogh {venom, rPois} (You
                  | found it on level 8 of the Dungeon)
 10406 | D:8      | Reached skill level 2 in Earth Magic
 10421 | D:8      | Found a staircase to the Lair.
 10470 | D:8      | Reached skill level 3 in Earth Magic
 10571 | D:8      | Noticed Erica
 10581 | D:8      | Killed Erica
 10581 | D:8      | Reached skill level 4 in Earth Magic
 10772 | D:8      | Reached skill level 5 in Earth Magic
 10965 | D:9      | Found Xuonyiph's Book Emporium.
 10979 | D:9      | Reached skill level 1 in Polearms
 10994 | D:9      | Found a white marble altar of Elyvilon.
 11242 | D:9      | Found a staircase to the Orcish Mines.
 11541 | D:10     | Entered Level 10 of the Dungeon
 11790 | D:10     | Reached skill level 6 in Earth Magic
 11826 | D:10     | Noticed an unseen horror
 11835 | D:10     | Killed an unseen horror
 11853 | D:10     | Reached **** piety under Kikubaaqudgha
 12196 | D:11     | Noticed Urug
 12204 | D:11     | Killed Urug
 12204 | D:11     | Reached skill level 7 in Earth Magic
 12237 | D:11     | Noticed a two-headed ogre
 12247 | D:11     | Killed a two-headed ogre
 12247 | D:11     | Reached skill level 5 in Polearms
 12365 | D:11     | Reached skill level 8 in Earth Magic
 12374 | D:11     | Noticed a manticore
 12391 | D:11     | Killed a manticore
 12391 | D:11     | Reached XP level 12. HP: 30/74 MP: 5/22
 12489 | D:11     | Noticed Maurice
 12499 | D:11     | Reached skill level 9 in Earth Magic
 12504 | D:11     | Killed Maurice
 12758 | D:11     | Reached skill level 1 in Fighting
 12844 | D:11     | Reached skill level 1 in Armour
 12844 | D:11     | Reached skill level 1 in Evocations
 13015 | D:9      | Gained mutation: You occasionally shout uncontrollably at
                  | your foes. [potion of mutation]
 13015 | D:9      | Gained mutation: Your muscles are strong. (Str +2) [potion
                  | of mutation]
 13015 | D:9      | Gained mutation: You are robust. (+10% HP) [potion of
                  | mutation]
 13015 | D:9      | Gained mutation: You are agile. (Dex +2) [potion of
                  | mutation]
 13016 | D:9      | Lost mutation: Your muscles are strong. (Str +2) [potion of
                  | mutation]
 13016 | D:9      | Lost mutation: You are agile. (Dex +2) [potion of mutation]
 13016 | D:9      | Lost mutation: You are robust. (+10% HP) [potion of
                  | mutation]
 13016 | D:9      | Gained mutation: You have large cloven feet. [potion of
                  | mutation]
 13016 | D:9      | Gained mutation: Your body sometimes deteriorates upon
                  | taking damage. [potion of mutation]
 13016 | D:9      | Gained mutation: You are partially covered in iridescent
                  | scales. (AC +2) [potion of mutation]
 13019 | Orc:1    | Entered Level 1 of the Orcish Mines
 13019 | Orc:1    | Noticed an orc warlord
 13053 | Orc:1    | Killed an orc warlord
 13213 | Orc:1    | Reached skill level 5 in Stealth
 13213 | Orc:1    | Reached skill level 5 in Shields
 13321 | Orc:1    | Reached ***** piety under Kikubaaqudgha
 13539 | Orc:1    | Found a roughly hewn altar of Beogh.
 13905 | Orc:2    | Entered Level 2 of the Orcish Mines
 13910 | Orc:2    | Found a roughly hewn altar of Beogh.
 13922 | Orc:2    | Reached XP level 13. HP: 88/88 MP: 20/23
 14073 | Orc:2    | Noticed an orc warlord
 14098 | Orc:2    | Killed an orc warlord
 14098 | Orc:2    | Reached skill level 5 in Fighting
 14098 | Orc:2    | Reached skill level 5 in Armour
 14098 | Orc:2    | Reached skill level 5 in Evocations
 14288 | Orc:2    | Noticed an orc warlord
 14302 | Orc:2    | Killed an orc warlord
 14373 | Orc:2    | Noticed an orc warlord
 14381 | Orc:2    | Killed an orc warlord
 14459 | Orc:2    | Found a roughly hewn altar of Beogh.
 14516 | Orc:2    | Found Arela's Antique Armour Emporium.
 14548 | Orc:2    | Found Qocwa's General Store.
 14566 | Orc:2    | Bought a potion of resistance for 150 gold pieces
 14566 | Orc:2    | Bought a scroll of amnesia for 52 gold pieces
 14566 | Orc:2    | Bought a potion of ambrosia for 120 gold pieces
 14566 | Orc:2    | Bought a scroll of immolation for 52 gold pieces
 14690 | Orc:2    | Found a staircase to the Elven Halls.
 14769 | Orc:2    | Found Rasai's Antique Weapon Emporium.
 14869 | Orc:2    | Gained mutation: You are frail. (-10% HP) [mutagenic glow]
 14893 | Orc:2    | Found Pethreakh's Jewellery Emporium.
 14997 | Orc:2    | Found a roughly hewn altar of Beogh.
 15003 | Orc:2    | Reached ****** piety under Kikubaaqudgha
 15003 | Orc:2    | Reached skill level 5 in Dodging
 15020 | Orc:1    | Received a gift from Kikubaaqudgha
 15024 | Orc:1    | Fell from the grace of Kikubaaqudgha
 15188 | D:4      | Became a worshipper of Gozag Ym Sagoz the Greedy
 15488 | Lair:1   | Entered Level 1 of the Lair of Beasts
 15786 | Lair:1   | Found a runed translucent door.
 15795 | Lair:1   | Noticed Thomus's ghost (novice DECj)
 15819 | Lair:1   | Killed Thomus's ghost
 15838 | Lair:1   | Reached XP level 14. HP: 92/92 MP: 11/24
 16842 | Lair:3   | Lost mutation: Your body sometimes deteriorates upon taking
                  | damage. [potion of mutation]
 16842 | Lair:3   | Lost mutation: You are frail. (-10% HP) [potion of
                  | mutation]
 16842 | Lair:3   | Lost mutation: You occasionally shout uncontrollably at
                  | your foes. [potion of mutation]
 16842 | Lair:3   | Gained mutation: You have sharp fingernails. [potion of
                  | mutation]
 16842 | Lair:3   | Gained mutation: You evolve. [potion of mutation]
 17103 | Lair:3   | Found a snail-covered altar of Cheibriados.
 17823 | Lair:4   | Found a staircase to the Swamp.
 17953 | Lair:4   | Got a dazzling scythe
 18106 | Lair:4   | You fall through a shaft!
 18405 | Lair:5   | Found a viscous altar of Jiyva.
 18405 | Lair:5   | Found a staircase to the Slime Pits.
 18486 | Lair:5   | Reached skill level 10 in Fighting
 18599 | Lair:5   | Reached XP level 15. HP: 102/114 MP: 12/27
 18626 | Lair:5   | Gained mutation: You rapidly evolve. [evolution]
 18626 | Lair:5   | Lost mutation: You rapidly evolve. [decline of evolution]
 19304 | Lair:4   | Found a staircase to the Snake Pit.
 19622 | Lair:6   | Entered Level 6 of the Lair of Beasts
 19766 | Lair:6   | Reached skill level 10 in Spellcasting
 20554 | Lair:6   | Identified the Incunabulum of Lucky Evil Rites
 20557 | Lair:6   | Got a slimy iron ring
 20850 | Lair:6   | Identified the +6 scythe of World's End {elec, Int+5} (You
                  | found it on level 4 of the Lair of Beasts)
 20858 | Lair:6   | Identified the ring of Xom's Wantonness {rC- Int+5 Dex+3
                  | Slay+3} (You found it on level 6 of the Lair of Beasts)
 21094 | D:4      | Bought a wand of acid (6) for 260 gold pieces
 21192 | D:9      | Bought a book of Battle for 560 gold pieces
 21237 | D:11     | Learned a level 3 spell: Regeneration
 21241 | D:11     | Learned a level 3 spell: Spectral Weapon
 21251 | D:11     | Learned a level 8 spell: Necromutation
 21257 | D:11     | Learned a level 5 spell: Aura of Abjuration
 21505 | D:12     | Reached skill level 1 in Hexes
 21515 | D:12     | Reached skill level 1 in Charms
 21986 | D:13     | Found a portal to a secret trove of treasure.
 22078 | D:13     | Was forgiven by Kikubaaqudgha
 22091 | D:13     | Reached skill level 15 in Spellcasting
 22160 | D:13     | Reached XP level 16. HP: 116/118 MP: 21/35
 23230 | D:14     | Noticed Frances
 23242 | D:14     | Killed Frances
 23244 | D:14     | Found a flagged portal.
 23315 | Bailey   | Entered a bailey
 23604 | Bailey   | Found the +3 hat of Pondering {ponderous, MR+ MP+10 Int+5}
 24115 | D:14     | Reached skill level 5 in Hexes
 24196 | D:14     | Found a shattered altar of Ashenzari.
 24292 | D:14     | Reached skill level 10 in Earth Magic
 24323 | D:14     | Found a gate to the Vaults.
 24547 | D:15     | Entered Level 15 of the Dungeon
 24649 | D:15     | Found a basalt altar of Yredelemnul.
 24760 | D:15     | Found a staircase to the Depths.
 24783 | D:15     | Reached skill level 5 in Summonings
 24785 | D:15     | Reached skill level 10 in Necromancy
 24990 | D:15     | Reached skill level 5 in Charms
 25169 | D:15     | Reached XP level 17. HP: 83/124 MP: 4/36
 25628 | Snake:1  | Entered Level 1 of the Snake Pit
 25868 | Snake:1  | Reached skill level 10 in Shields
 25914 | Snake:1  | Reached skill level 11 in Earth Magic
 26068 | Snake:1  | Found Vameqor's Food Boutique.
 26106 | Snake:1  | Noticed Aizul
 26118 | Snake:1  | Killed Aizul
 26796 | Snake:2  | Found Atzongul's Book Shop.
 26816 | Snake:2  | Bought a book of Frost for 595 gold pieces
 26816 | Snake:2  | Bought a manual of Earth Magic for 1876 gold pieces
 26820 | Snake:2  | Learned a level 3 spell: Ozocubu's Armour
 26873 | Snake:2  | Reached skill level 12 in Earth Magic
 26877 | Snake:2  | Reached skill level 1 in Ice Magic
 26937 | Snake:2  | Gained mutation: Your flesh is cold resistant. (rC+)
                  | [evolution]
 27727 | Snake:3  | Reached XP level 18. HP: 123/130 MP: 33/37
 28122 | Snake:3  | Found Kuam's Distillery.
 28141 | Snake:3  | Bought a potion of agility for 52 gold pieces
 28141 | Snake:3  | Bought a potion of heal wounds for 65 gold pieces
 28141 | Snake:3  | Bought a potion of resistance for 130 gold pieces
 28141 | Snake:3  | Bought a potion of curing for 39 gold pieces
 28141 | Snake:3  | Bought 2 potions of resistance for 260 gold pieces
 28141 | Snake:3  | Bought a potion of heal wounds for 65 gold pieces
 28141 | Snake:3  | Bought 2 potions of curing for 78 gold pieces
 28141 | Snake:3  | Bought a potion of might for 52 gold pieces
 28141 | Snake:3  | Bought a potion of curing for 39 gold pieces
 28141 | Snake:3  | Bought a potion of mutation for 104 gold pieces
 28141 | Snake:3  | Bought a potion of heal wounds for 65 gold pieces
 28141 | Snake:3  | Bought a potion of might for 52 gold pieces
 28142 | Snake:3  | Found a runed translucent gate.
 28142 | Snake:3  | Found a runed translucent gate.
 28143 | Snake:3  | Found a runed translucent gate.
 28158 | Snake:3  | Noticed weresquid's ghost (adept MiGl)
 28183 | Snake:3  | Killed weresquid's ghost
 28371 | Snake:3  | Noticed Jorgrun
 28510 | Snake:3  | Reached skill level 5 in Ice Magic
 28576 | Snake:3  | Killed Jorgrun
 28931 | Snake:4  | Entered Level 4 of the Snake Pit
 29267 | Snake:4  | Got a faintly glowing dagger
 29559 | Snake:4  | Gained mutation: You have a somewhat thin skeletal
                  | structure. (Dex +2, Stealth) [evolution]
 29656 | Snake:4  | Noticed Louise
 29662 | Snake:4  | Reached skill level 15 in Shields
 29662 | Snake:4  | Reached XP level 19. HP: 109/136 MP: 11/38
 29890 | Snake:4  | Killed Louise
 29998 | Snake:4  | Got a serpentine rune of Zot
 30269 | Snake:4  | Identified the +8 dagger of the Sun {venom, +Blink rPois
                  | MR+ Int+4 Dex-3} (You found it on level 4 of the Snake Pit)
 30498 | Swamp:1  | Entered Level 1 of the Swamp
 31218 | Swamp:2  | Identified a scroll of acquirement
 31337 | Swamp:2  | Got a steaming hunting sling
 32220 | Swamp:3  | Reached skill level 15 in Necromancy
 32348 | Swamp:3  | Gained mutation: You are partially covered in thin metallic
                  | scales. (AC +2) [evolution]
 32770 | Swamp:4  | Entered Level 4 of the Swamp
 32969 | Swamp:4  | Reached XP level 20. HP: 97/147 MP: 6/39
 33608 | Swamp:4  | Got a transparent robe
 33655 | Swamp:4  | Noticed a tentacled monstrosity
 33668 | Swamp:4  | Killed a tentacled monstrosity
 33691 | Swamp:4  | Got a decaying rune of Zot
 33805 | Swamp:4  | Identified the +9 hunting sling of Valiance {velocity,
                  | rElec MR- Dex+4 Stlth+} (You found it on level 2 of the
                  | Swamp)
 33817 | Swamp:4  | Identified the +1 robe of Emaar {rElec MR+ Int+4} (You
                  | found it on level 4 of the Swamp)
 33835 | Swamp:4  | Reached skill level 13 in Earth Magic
 33835 | Swamp:4  | Reached XP level 21. HP: 153/153 MP: 40/40
 34162 | Vaults:1 | Entered Level 1 of the Vaults
 34408 | Vaults:1 | Reached skill level 14 in Earth Magic
 34619 | Vaults:1 | Reached skill level 15 in Earth Magic
 34708 | Vaults:1 | Noticed a golden dragon
 34728 | Vaults:1 | Killed a golden dragon
 34729 | Vaults:1 | Reached skill level 16 in Earth Magic
 34913 | Vaults:1 | Got a slimy demon trident
 35137 | Vaults:1 | Reached skill level 17 in Earth Magic
 35137 | Vaults:1 | Reached XP level 22. HP: 143/159 MP: 26/41
 35398 | Vaults:1 | Reached skill level 1 in Transmutations
 35828 | Vaults:2 | Noticed Nikola
 35843 | Vaults:2 | Reached skill level 5 in Transmutations
 35843 | Vaults:2 | Killed Nikola
 35896 | Vaults:2 | Identified the ring "Besajawu" {+Blink rC+ Int+2 Dex+4}
 36395 | Vaults:2 | Reached skill level 10 in Transmutations
 36639 | Vaults:2 | Gained mutation: You passively map a small area around you.
                  | [evolution]
 37042 | Vaults:2 | Identified the +5 demon trident "Zarchy" {flame, rN++ MR+}
                  | (You found it on level 1 of the Vaults)
 37055 | Vaults:2 | Got a shimmering shield
 37069 | Vaults:2 | Identified the +4 shield of the Sacrificial Victim {-Cast
                  | rN+ MP+9 Stlth+} (You acquired it on level 2 of the Vaults)
 37124 | Vaults:3 | Found a staircase to the Crypt.
 37136 | Vaults:3 | Reached XP level 23. HP: 33/165 MP: 2/42
 37267 | Vaults:3 | You fall through a shaft!
 38166 | Vaults:3 | Found Gosyrav's Antique Armour Boutique.
 38543 | Vaults:4 | Reached skill level 15 in Transmutations
 40374 | Elf:1    | Entered Level 1 of the Elven Halls
 40413 | Elf:1    | Found a ruined gateway.
 40445 | Desolati | Entered the Desolation of Salt
 40472 | Desolati | Reached XP level 24. HP: 172/172 MP: 37/42
 40695 | Desolati | Identified the Disquisition on Ignition and Beguiling
 40718 | Desolati | Got steaming swamp dragon scales
 40720 | Desolati | Got a crude dagger
 40724 | Desolati | Got a vibrating granite ring
 40729 | Desolati | Got a shimmering bone ring
 40731 | Desolati | Got an ominously black robe
 40837 | Desolati | Identified the Grimoire of Evil Secrets
 40842 | Desolati | Got an iridescent falchion
 40844 | Desolati | Got a steaming gossamer ring
 40846 | Desolati | Got a twitching crystal amulet
 40850 | Desolati | Identified the Disquisition on Sinister Poisoning
 40868 | Desolati | Identified the +2 dagger of Disaster {freeze, rF- MR+
                  | Int+5} (You found it in the Desolation of Salt)
 40870 | Desolati | Identified the +10 falchion "Liak" {venom, Int+6} (You
                  | found it in the Desolation of Salt)
 40884 | Desolati | Identified the +3 swamp dragon scales of Vatuwk {rPois
                  | rCorr SInv} (You found it in the Desolation of Salt)
 40895 | Desolati | Identified the cursed +0 robe "Facwitos" {rElec rPois
                  | Int+5} (You found it in the Desolation of Salt)
 40929 | Desolati | Identified the ring "Cyriel" {rElec Str+2 Dex+2} (You found
                  | it in the Desolation of Salt)
 40931 | Desolati | Identified the ring "Ruduxtaero" {rPois rN+ Str+3} (You
                  | found it in the Desolation of Salt)
 40933 | Desolati | Identified the ring "Codak" {Ice Dex+3 Stlth+} (You found
                  | it in the Desolation of Salt)
 40936 | Desolati | Identified the amulet "Ucolapp" {rPois Regen+} (You found
                  | it in the Desolation of Salt)
 41005 | Desolati | Identified the Collected Works on Talismans and the
                  | Frostbite
 41031 | Desolati | Got a wavering copper ring
 41262 | Elf:1    | Identified the ring "Ysisowk" {MR- Str+4 Int+8 Dex-3 SInv}
                  | (You found it in the Desolation of Salt)
 41454 | Elf:1    | Reached skill level 18 in Earth Magic
 41964 | Elf:1    | Found a radiant altar of Vehumet.
 42337 | Elf:1    | Gained mutation: Your flesh is heat resistant. (rF+)
                  | [evolution]
 42473 | Elf:2    | Found an ancient bone altar of Kikubaaqudgha.
 42507 | Elf:2    | Got a fine ring mail
 42590 | Elf:2    | Found Ixixa's Antique Weapon Shoppe.
 42632 | Elf:2    | Got a jewelled quarterstaff
 42781 | Elf:2    | Found a runed translucent gate.
 42781 | Elf:2    | Found a runed translucent gate.
 42785 | Elf:2    | Found a runed translucent gate.
 42834 | Elf:2    | Reached skill level 19 in Earth Magic
 43414 | Elf:3    | Entered Level 3 of the Elven Halls
 43439 | Elf:3    | Reached skill level 20 in Earth Magic
 43533 | Elf:3    | Reached XP level 25. HP: 177/177 MP: 29/42
 43615 | Elf:3    | Reached skill level 21 in Earth Magic
 43645 | Elf:3    | Found the +11 plutonium sword {*Contam Stlth-}
 43646 | Elf:3    | Got an ebony shortbow
 43654 | Elf:3    | Found the +4 moon troll leather armour {Spirit, Regen++
                  | MP+5}
 43889 | Elf:3    | Identified the +4 ring mail of Action {rPois rCorr} (You
                  | found it on level 2 of the Elven Halls)
 43913 | Elf:3    | Identified the +7 shortbow of Purpose {venom, rC+} (You
                  | found it on level 3 of the Elven Halls)
 43915 | Elf:3    | Identified the cursed +1 quarterstaff of the Thoughtful
                  | Eyes {antimagic, Dex+2} (You found it on level 2 of the
                  | Elven Halls)
 43949 | Elf:3    | Got a twisted short sword
 43958 | Elf:3    | Got a polished shortbow
 44023 | Elf:3    | Identified the cursed +0 shortbow "Oxay" {speed, rC- Dex+6}
                  | (You found it on level 3 of the Elven Halls)
 44026 | Elf:3    | Identified the +6 short sword of Disorder {protect, Str+2
                  | Int-3 Dex+3 Stlth+} (You found it on level 3 of the Elven
                  | Halls)
 44957 | Elf:3    | Got a bloodstained hand axe
 44958 | Elf:3    | Identified the +4 hand axe of a bailey {flame, rElec MR-
                  | Str+3 Stlth+} (You found it on level 3 of the Elven Halls)
 45483 | Crypt:1  | Entered Level 1 of the Crypt
 45937 | Crypt:1  | Reached skill level 22 in Earth Magic
 46677 | Crypt:2  | Gained mutation: You possess an exceptional clarity of
                  | mind. [evolution]
 47047 | Crypt:3  | Entered Level 3 of the Crypt
 47140 | Crypt:3  | Noticed Jory
 47159 | Crypt:3  | Killed Jory
 47660 | Crypt:3  | Noticed Mennas
 47741 | Crypt:3  | Killed Mennas
 47780 | Crypt:3  | Noticed Bai Suzhen
 47809 | Crypt:3  | Noticed Mara
 47811 | Crypt:3  | Noticed DildoBatman's illusion
 47821 | Crypt:3  | Killed Bai Suzhen
 48186 | Crypt:3  | Got an ancient silver ring
 48201 | Crypt:3  | Reached XP level 26. HP: 103/184 MP: 32/42
 48285 | Crypt:3  | Killed Mara
 48285 | Crypt:3  | Reached skill level 23 in Earth Magic
 48376 | Crypt:3  | Found a staircase to the Tomb.
 48600 | Crypt:3  | Found an ancient bone altar of Kikubaaqudgha.
 48858 | Crypt:3  | Noticed an ancient lich
 48871 | Crypt:3  | Killed an ancient lich
 48871 | Crypt:3  | Reached skill level 24 in Earth Magic
 48888 | Crypt:3  | Got a pair of scorched boots
 49552 | Crypt:3  | Identified the +0 pair of boots "Wevix" {rCorr Str+4} (You
                  | found it on level 3 of the Crypt)
 49569 | Crypt:3  | Identified the ring of Onock {+Inv rF+ Dex+3} (You found it
                  | on level 3 of the Crypt)
 50083 | Orc:2    | Bought an uncursed ring of wizardry for 450 gold pieces
 50083 | Orc:2    | Bought the ring of Phasing {EV+8} for 1920 gold pieces
 50083 | Orc:2    | Found the ring of Phasing {EV+8}
 50625 | Tomb:1   | Entered Level 1 of the Tomb of the Ancients
 51177 | Tomb:1   | Noticed a greater mummy
 51178 | Tomb:1   | Noticed a greater mummy
 51183 | Tomb:1   | HP: 9/181 [mummy priest/divine providence (13)]
 51202 | Tomb:1   | Killed a greater mummy
 51202 | Tomb:1   | Reached skill level 25 in Earth Magic
 51203 | Tomb:1   | Killed a greater mummy
 51882 | Vaults:5 | Entered Level 5 of the Vaults
 51891 | Vaults:5 | Reached XP level 27. HP: 176/189 MP: 27/42
 51902 | Vaults:4 | Reached skill level 10 in Conjurations
 52530 | Vaults:5 | Noticed an ancient lich
 52534 | Vaults:5 | Identified the +2 robe "Ymaez" {+Blink Str+6 Int+2}
 52658 | Vaults:5 | Killed an ancient lich
 52762 | Vaults:5 | Reached skill level 15 in Conjurations
 53082 | Vaults:5 | Got a silver rune of Zot
 53164 | Vaults:5 | Found Jaire's Assorted Antiques.
 53178 | Vaults:5 | Bought a potion of curing for 96 gold pieces
 53178 | Vaults:5 | Bought a potion of curing for 96 gold pieces
 53178 | Vaults:5 | Bought a potion of curing for 96 gold pieces
 53178 | Vaults:5 | Bought a potion of brilliance for 128 gold pieces
 53178 | Vaults:5 | Bought a potion of heal wounds for 160 gold pieces
 53286 | Vaults:5 | HP: 7/189 [frost giant/+0 battleaxe of freezing (5)]
 53472 | Vaults:5 | Identified the +6 bardiche "Ufa Emu" {chop, MR++ Stlth-}
 53472 | Vaults:5 | Identified the +6 pearl dragon scales of Resilience {-Cast
                  | rN+ Str+8 Dex-4 Slay+5}
 53953 | Vaults:5 | Got a pair of heavily runed gloves
 53965 | Vaults:5 | Identified the +0 pair of gloves of Zikuph {rPois rF- rC-
                  | Regen+} (You acquired it on level 5 of the Vaults)
 54166 | Tomb:1   | Bought a bone halberd for 297 gold pieces
 54167 | Tomb:1   | Identified the cursed +0 halberd "Nenask" {chop, +Inv rElec
                  | rC++ Dex-4} (You bought it in a shop on level 1 of the Tomb
                  | of the Ancients)
 54460 | Tomb:1   | Bought a scroll of identify for 52 gold pieces
 54460 | Tomb:1   | Bought a scroll of identify for 52 gold pieces
 54460 | Tomb:1   | Bought a scroll of enchant armour for 195 gold pieces
 54462 | Tomb:1   | Bought a scroll of identify for 30 gold pieces
 54462 | Tomb:1   | Bought a scroll of identify for 30 gold pieces
 54462 | Tomb:1   | Bought a scroll of identify for 30 gold pieces
 54462 | Tomb:1   | Bought 2 scrolls of identify for 60 gold pieces
 54462 | Tomb:1   | Bought 3 scrolls of identify for 90 gold pieces
 54464 | Tomb:1   | Bought a book of the Earth for 1495 gold pieces
 54474 | Tomb:1   | Learned a level 9 spell: Shatter
 54575 | Tomb:1   | Noticed a greater mummy
 54584 | Tomb:1   | Killed a greater mummy
 54589 | Tomb:1   | Noticed a greater mummy
 54597 | Tomb:1   | Noticed a greater mummy
 54617 | Tomb:1   | Killed a greater mummy
 54617 | Tomb:1   | Killed a greater mummy
 54711 | Tomb:1   | Noticed a greater mummy
 54714 | Tomb:1   | Noticed a greater mummy
 54715 | Tomb:1   | Noticed a greater mummy
 54719 | Tomb:1   | Killed a greater mummy
 54722 | Tomb:1   | Killed a greater mummy
 54724 | Tomb:1   | Killed a greater mummy
 54729 | Tomb:1   | Noticed a greater mummy
 54744 | Tomb:1   | Noticed a greater mummy
 54748 | Tomb:1   | Killed a greater mummy
 54748 | Tomb:1   | Reached skill level 10 in Ice Magic
 54753 | Tomb:1   | Killed a greater mummy
 54753 | Tomb:1   | Noticed a greater mummy
 54761 | Tomb:1   | Noticed a greater mummy
 54766 | Tomb:1   | HP: 2/190 [death scarab[a greater mummy] (24)]
 54772 | Tomb:1   | Slain by a reaper

Skill      XL: |  1  2  3  4  5  6  7  8  9 10 11 12 13 14 15 16 17 18 19 20 21 22 23 24 25 26 27 |
---------------+----------------------------------------------------------------------------------+-----
Conjurations   | 1 2 3 4 6 9 15 | 15.8
Poison Magic   | 3 6 8 |  8.4
Fire Magic     | 2 4 |  4.1
Air Magic      | 2 3 4 |  4.0
Spellcasting   | 6 7 8 15 | 15.0
Shields        | 1 3 5 7 9 11 15 | 15.0
Necromancy     | 8 9 10 11 12 15 16 17 18 19 | 19.0
Earth Magic    | 8 9 10 12 13 17 20 22 25 | 25.0
Polearms       | 5 |  5.0
Dodging        | 3 5 7 |  7.0
Fighting       | 4 7 10 | 10.0
Armour         | 4 7 9 |  9.0
Stealth        | 5 6 |  6.0
Evocations     | 4 6 |  6.1
Hexes          | 3 6 |  6.0
Charms         | 2 5 6 |  6.0
Summonings     | 2 5 7 8 |  8.0
Ice Magic      | 2 6 10 | 10.4
Transmutations | 12 17 18 | 18.0
Translocations | |  0.8

Action                   |  1- 3 |  4- 6 |  7- 9 | 10-12 | 13-15 | 16-18 | 19-21 | 22-24 | 25-27 || total
-------------------------+-------+-------+-------+-------+-------+-------+-------+-------+-------++-------
Melee: Unarmed           |    14 |       |       |       |       |       |       |       |       ||    14
       Club              |     6 |       |       |       |       |       |       |       |       ||     6
       Short sword       |    16 |   143 |   261 |   158 |       |       |       |       |       ||   578
       Halberd           |       |       |    38 |   348 |   903 |   702 |   595 |  1030 |   851 ||  4467
       Whip              |       |       |    23 |    16 |       |       |       |       |       ||    39
       Scimitar          |       |       |       |       |     5 |     4 |       |       |       ||     9
       Falchion          |       |       |       |       |       |       |       |       |    26 ||    26
 Fire: Blowgun           |       |     3 |     9 |       |       |       |       |       |       ||    12
       Hand crossbow     |       |       |     2 |       |       |       |       |       |       ||     2
 Cast: Magic Dart        |    84 |    62 |    40 |    70 |       |       |       |       |       ||   256
       Mephitic Cloud    |       |    13 |    40 |    71 |    91 |    16 |       |     3 |       ||   234
       Conjure Flame     |       |       |    17 |    36 |    55 |    12 |     7 |     2 |     4 ||   133
       Vampiric Draining |       |       |       |    11 |     5 |       |       |       |       ||    16
       Borgnjor's Vile C |       |       |       |     9 |    73 |   106 |    75 |   132 |   240 ||   635
       Dispel Undead     |       |       |       |     2 |     4 |     3 |       |    21 |    60 ||    90
       Spectral Weapon   |       |       |       |       |     2 |   115 |    84 |   131 |   128 ||   460
       Regeneration      |       |       |       |       |       |    52 |    36 |    44 |    57 ||   189
       Sublimation of Bl |       |       |       |       |       |    26 |    17 |    19 |    63 ||   125
       Ozocubu's Armour  |       |       |       |       |       |    10 |    12 |    17 |    26 ||    65
       Necromutation     |       |       |       |       |       |       |       |       |    12 ||    12
       Aura of Abjuratio |       |       |       |       |       |       |       |       |     2 ||     2
       Shatter           |       |       |       |       |       |       |       |       |    10 ||    10
Invok: Receive Necronomi |       |       |       |       |     1 |       |       |       |       ||     1
       Renounce Religion |       |       |       |       |     1 |       |       |       |       ||     1
       Potion Petition   |       |       |       |       |       |       |       |       |    14 ||    14
       Call Merchant     |       |       |       |       |       |       |       |       |     6 ||     6
 Abil: Dig               |     1 |    14 |    22 |    31 |    52 |    10 |     5 |     5 |     4 ||   144
       End Transformatio |       |       |       |       |       |       |       |       |     9 ||     9
Evoke: Wand              |       |     1 |       |     3 |     3 |     1 |       |       |     3 ||    11
       Fan of gales      |       |       |       |       |       |       |       |       |     3 ||     3
       Lamp of fire      |       |       |       |       |       |       |       |       |     6 ||     6
       Phial of floods   |       |       |       |       |       |       |       |       |     2 ||     2
  Use: Scroll            |       |     5 |     9 |     8 |     5 |     7 |    10 |    12 |    15 ||    71
       Potion            |       |     2 |       |     3 |     3 |       |     9 |       |     1 ||    18
 Stab: Confused          |       |     9 |    22 |    26 |    56 |     2 |       |     2 |       ||   117
       Sleeping          |       |     1 |     1 |     6 |     6 |    20 |    11 |    33 |    11 ||    89
       Distracted        |       |       |       |       |     4 |     9 |    11 |    16 |     8 ||    48
  Eat: Chunk             |     2 |    11 |    14 |    39 |    10 |       |       |       |       ||    76
       Ration            |       |       |     2 |       |     9 |     9 |     7 |    10 |    12 ||    49
Armor: Robe              |    19 |    22 |     9 |       |       |       |       |       |       ||    50
       Leather armour    |       |       |    40 |    91 |    27 |       |       |       |       ||   158
       Skin              |       |       |       |     2 |       |       |       |       |       ||     2
       Troll leather arm |       |       |       |       |   170 |   272 |   136 |   218 |   357 ||  1153
Dodge: Dodged            |    36 |    66 |   122 |   164 |   358 |   340 |   192 |   275 |   715 ||  2268
Block: Buckler           |       |       |       |    49 |    31 |       |       |       |       ||    80
       Shield            |       |       |       |       |   246 |   402 |    68 |       |       ||   716
       Large shield      |       |       |       |       |       |       |   387 |   789 |  1124 ||  2300
       Rpst.: Scimitar   |       |       |       |       |     1 |       |       |       |       ||     1
       Falchion          |       |       |       |       |       |       |       |       |     5 ||     5
